Map: Prion Terraces

Players

Grumm

  • Race: Protoss Protoss
  • League: Gold

Seedee - Winner!

  • Race: Zerg Zerg
  • League: Platinum

VOD

Have the link to the VOD?

Description

Time

  • Played on: Feb. 1, 2016, 6:40 p.m.
  • Length: 3:44
Show
View Real Time Build Order
Export as new Build Order

Grumm Protoss 

Build Orders:  

Get SALT Encoding   

  12  0:01  Probe (Chrono Boost)  
  13  0:17  Pylon  
  13  0:18  Probe (Chrono Boost)  
  15  0:28  Probe (Chrono Boost)  
  15  0:37  Gateway  
  15  0:39  Probe (Chrono Boost)  
  16  0:46  Assimilator  
  16  0:50  Probe (Chrono Boost)  
  17  1:01  Probe (Chrono Boost)  
  18  1:06  Pylon  
  18  1:11  Probe (Chrono Boost)  
  19  1:22  Probe (Chrono Boost)  
  19  1:24  Zealot (Chrono Boost)  
  22  1:30  Cybernetics Core  
  22  1:45  Probe  
  23  1:48  Zealot (Chrono Boost)  
  25  1:59  Nexus  
  25  2:02  Probe  
  26  2:11  Assimilator  
  26  2:28  Probe  
  26  2:29  Zealot  
  29  2:36  Robotics Facility  
  29  2:40  Probe  
  30  2:48  Pylon  
  30  2:52  Probe  
  31  3:06  Probe  
  31  3:10  Gateway  
  31  3:11  Gateway  
Show
View Real Time Build Order
Export as new Build Order

Seedee Zerg - Winner!

Build Orders: Pool First 

Get SALT Encoding   

  12  0:01  Drone  
  13  0:12  Drone  
  14  0:18  Extractor  
  14  0:19  Drone  
  14  0:32  Spawning Pool  
  13  0:36  Drone  
  14  0:46  Drone, Extractor  
  15  0:50  Overlord  
  15  1:09  Drone  
  16  1:20  Queen  
  16  1:21  Zergling x6  
  21  1:36  Metabolic Boost  
  21  1:38  Drone  
  22  1:58  Overlord  
  22  2:02  Hatchery  
  22  2:07  Zergling x2  
  22  2:25  Zergling x4  
  22  2:29  Zergling x2  
  25  2:31  Zergling x4  
  25  2:33  Overlord  
  26  2:41  Zergling x2  
  27  2:50  Zergling x2  
  28  3:00  Drone  
  29  3:12  Drone  
  30  3:15  Drone x3  
  32  3:42  Roach Warren  
Tags
 
Add a new tag
Caveats
  • Supply blocks, unpowered buildings, or Contaminate may cause inaccurate times.
  • Supply counts are checked every 10 seconds.